 Dungeon Crawl Stone Soup version 0.29.1-15-g9cfb28693d (webtiles) character file.

Game seed: 4213566436385140524

133116 browni3141 the Impaler (level 17, -14/189 HPs)
             Began as a Human Enchanter on Feb 26, 2023.
             Was an Elder of Nemelex Xobeh.
             Demolished by an Ice Fiend (43 damage)
             ... in an ice cave.
             The game lasted 02:01:12 (31628 turns).

browni3141 the Impaler (Human Enchanter)           Turns: 31628, Time: 02:01:13

Health: -14/189    AC: 28    Str:  9    XL:     17   Next: 71%
Magic:  22/27      EV:  2    Int: 25    God:    Nemelex Xobeh [****..]
Gold:   369        SH:  0    Dex: 20    Spells: 4/30 levels left

rFire   . . .      SeeInvis .   d - +8 scythe (venom)
rCold   . . .      Faith    .   (shield currently unavailable)
rNeg    . . .      Spirit   .   (body armour currently unavailable)
rPois   +          Reflect  .   (helmet currently unavailable)
rElec   .          Harm     .   (cloak currently unavailable)
rCorr   .          Rampage  .   (gloves currently unavailable)
Will    +++..      NoTele   +   (boots currently unavailable)
Stlth   +++.......              g - amulet of regeneration
HPRegen 1.21/turn               Y - ring "Qyngeg" {Fly Will++ Int+2}
MPRegen 0.20/turn               X - +6 ring of dexterity

@: tree-form (expiring)
A: stationary, stasis, torment immunity, boosted hp
a: Renounce Religion, Draw Escape, Draw Destruction, Draw Summoning, Triple
Draw, Deal Four


You were in an ice cave.
You worshipped Nemelex Xobeh.
Nemelex Xobeh was greatly pleased with you.
You were a tree.
You visited 4 branches of the dungeon, and saw 22 of its levels.
You also visited: Sewer, Ossuary, Gauntlet and Ice Cave.

You collected 1762 gold pieces.
You spent 1393 gold pieces at shops.


   Skills:
 + Level 9.4 Fighting
 - Level 1.0 Short Blades
 * Level 15.9 Polearms
 - Level 5.0 Armour
 + Level 9.7 Dodging
 - Level 6.0 Stealth
 * Level 7.0 Spellcasting
 - Level 4.0 Conjurations
 * Level 11.2 Hexes
 * Level 3.6 Transmutations
 - Level 4.0 Fire Magic
 - Level 2.0 Ice Magic
 - Level 5.0 Air Magic
 - Level 4.0 Poison Magic
 * Level 12.8 Invocations
 - Level 2.0 Evocations


You had 4 spell levels left.
You knew the following spells:

 Your Spells              Type           Power      Damage    Failure   Level
d - Tukima's Dance        Hex            60%        N/A       1%          3
f - Dazzling Flash        Conj/Hex       92%        N/A       1%          3
i - Swiftness             Air            33%        N/A       2%          3
m - Mephitic Cloud        Conj/Pois/Air  30%        N/A       3%          3
o - Confusing Touch       Hex            60%        N/A       1%          3
s - Slow                  Hex            100%       N/A       1%          1
z - Ensorcelled Hibernat  Hex/Ice        82%        N/A       1%          2
X - Ignite Poison         Fire/Tmut/Pois 28%        N/A       4%          3
Y - Yara's Violent Unrav  Hex/Tmut       23%        3d10      9%          5

Your spell library contained the following spells:

 Spells                   Type           Power      Damage    Failure   Level
 Beastly Appendage        Tmut           54%        N/A       1%          1
 Shock                    Conj/Air       100%       1d9       1%          1
 Scorch                   Fire           56%        2d8       1%          2
 Static Discharge         Conj/Air       31%        3-7/arc   1%          2
 Summon Guardian Golem    Hex/Summ       36%        N/A       1%          3
 Wereblood                Tmut           27%        N/A       2%          2
 Passwall                 Tmut/Erth      14%        N/A       4%          2
 Spider Form              Tmut/Pois      27%        N/A       4%          3
 Apportation              Tloc           16%        N/A       7%          1
 Necrotise                Necr           32%        1d5       7%          1
 Sandblast                Erth           16%        2d6       7%          1
 Summon Small Mammal      Summ           32%        N/A       7%          1
 Stone Arrow              Conj/Erth      36%        3d9       9%          3
 Airstrike                Air            16%        2d(3-19)  9%          4
 Flame Wave               Conj/Fire      28%        2d9       13%         4
 Sticky Flame             Conj/Fire      28%        2d5       13%         4
 Corpse Rot               Necr/Pois/Air  23%        N/A       19%         4
 Vampiric Draining        Necr           8%         2d6       21%         3
 Dispel Undead            Necr           8%         3d8       54%         4
 Freezing Cloud           Conj/Ice/Air   13%        6-21      38%         5
 Enfeeble                 Hex            30%        N/A       50%         7
 Summon Cactus Giant      Summ           4%         N/A       100%        6
 Orb of Destruction       Conj           14%        9d7       100%        7
 Spellforged Servitor     Conj/Summ      9%         N/A       100%        7

Inventory:

Hand Weapons
 d - a +8 scythe of venom (weapon)
Armour
 s - a +1 hat (melded)
 B - the +2 cloak "Weenaeqe" (melded) {Rampage rPois}
   (You bought it in a shop on level 13 of the Dungeon)

   rPois:     It protects you from poison.
   Rampage:   It bestows one free step when moving towards enemies.
 C - a +2 pair of boots of stealth (melded)
 K - a +0 pair of gloves (melded)
 W - the +4 skin of Zhor (melded) {*Englaciate rC+++ SInv}
   (You found it on level 3 of the Lair of Beasts)

   It radiates cold, occasionally slowing all nearby creatures who are not
   resistant to cold.
   rC:        It renders you almost immune to cold.
   SInv:      It lets you see invisible.
Jewellery
 g - an amulet of regeneration (around neck)
 x - a +6 ring of dexterity
 N - a ring of positive energy
 O - a ring of protection from fire
 P - a ring of poison resistance {@f3}
 R - a ring of resist corrosion
 X - a +6 ring of dexterity (right branch)
 Y - the ring "Qyngeg" (left branch) {Fly Will++ Int+2}
   (You found it in a Gauntlet)

   [ring of flight]

   Int:       It affects your intelligence (+2).
   Fly:       It grants you flight.
   Will:      It greatly increases your willpower.
Wands
 l - a wand of mindburst (1)
 H - a wand of flame (12)
 J - a wand of polymorph (10)
 Q - a wand of iceblast (6)
 T - a wand of charming (11)
Scrolls
 a - 5 scrolls of magic mapping
 b - a scroll of brand weapon
 i - 6 scrolls of fear
 k - 8 scrolls of immolation {!r}
 m - 7 scrolls of enchant armour
 n - 4 scrolls of blinking {@r3}
 w - 9 scrolls of teleportation {@r4}
 y - 4 scrolls of poison {@f3}
 F - 3 scrolls of fog {@r5}
 G - 3 scrolls of silence {!r}
 L - 3 scrolls of torment {!r}
 M - a scroll of summoning
 V - a scroll of amnesia
 Z - 6 scrolls of vulnerability {!r}
Potions
 f - 3 potions of invisibility
 h - 3 potions of magic
 j - 5 potions of might
 p - 3 potions of flight
 q - 2 potions of resistance
 r - 3 potions of brilliance
 u - 2 potions of cancellation
 v - 3 potions of attraction {!q}
 z - 5 potions of curing {@q1}
 A - 2 potions of mutation {!q}
 D - 5 potions of heal wounds {@q2}
 E - 2 potions of haste {@q3}
 I - 2 potions of lignification {!q}
 S - 2 potions of berserk rage {!q}
 U - 3 potions of ambrosia
Miscellaneous
 c - a tin of tremorstones (2/2) {@f1}
 o - a piece from Xom's chessboard (15/15)
 t - a phantom mirror

Dungeon Overview and Level Annotations

Branches:
Dungeon (14/15)            Temple (1/1) D:7            Lair (5/5) D:9
 Shoals (0/4) Lair:3       Spider (0/4) Lair:2        Slime (0/5) Lair:4
    Orc (2/2) D:10            Elf (0/3) Orc:2        Vaults (0/5) D:13
  Sewer (visited)         Ossuary (visited)           IceCv (1/1)
Gauntlet (visited)

Altars:
Ashenzari
Cheibriados
Dithmenos
Elyvilon
Fedhas
Gozag
Hepliaklqana
Kikubaaqudgha
Makhleb
Nemelex Xobeh
Okawaru
Qazlal
Ru
Sif Muna
Trog
Uskayaw
Vehumet
Wu Jian
Xom
Yredelemnul
Zin
The Shining One
Lugonu

Shops:
D:12 [   D:13 [[((   Orc:2 *==?

Portals:
Abyss: Lair:5

Annotations:
D:2 exclusion: scorpion
D:6 exclusion: 2 doors
D:7 2 transporters
D:9 exclusion: acid dragon

#~#~.≈≈≈≈## ##...#..#
#~~~#≈≈≈## ##..#..#.#
##~≈#≈≈## ##...#..###
#~~##≈≈# ###..###.####
###~~######....##..#..#
#~~#°#####...#.###....#
#####○##.#.#.#.####)..#
#1#....####.###.⌠.#
#.♣.#.## #..##...#
##.#### ##.##.... ###
#..##... ### ##..##..
##.# ##......#
#..####...#..##
##...##..#.#.##
#..#.#...#..####
##.##....#.#####.


You could see an Ice Fiend.


Message History

You ignite the poison in your surroundings!
Your transformation is almost over.
The Ice Fiend is engulfed in blazing flames.
The Ice Fiend claws you but does no damage. x2
Unknown command.
You hit the Ice Fiend but do no damage.
The Ice Fiend is lightly wounded.
The Ice Fiend is engulfed in blazing flames.
The Ice Fiend claws you. The Ice Fiend freezes you!!
The Ice Fiend claws you but does no damage.
You puncture the Ice Fiend!
The Ice Fiend is heavily wounded.
You slash the Ice Fiend!
The Ice Fiend is severely wounded.
The Ice Fiend is engulfed in blazing flames.
The Ice Fiend claws you! The Ice Fiend freezes you!!!
* * * LOW HITPOINT WARNING * * *
The Ice Fiend claws you!
* * * LOW HITPOINT WARNING * * *
The Ice Fiend freezes you!!
* * * LOW HITPOINT WARNING * * *
Unknown command.
Unknown command.
You hit the Ice Fiend.
The Ice Fiend is severely wounded.
The Ice Fiend claws you.
* * * LOW HITPOINT WARNING * * *
The Ice Fiend freezes you!!!
You die...
Your body glows with a rainbow of weird colours and disappears.

Skill      XL: |  1  2  3  4  5  6  7  8  9 10 11 12 13 14 15 16 17 |
---------------+----------------------------------------------------+-----
Fighting       | 1 2 4 5 6 7 8 9 |  9.4
Hexes          | 4 5 6 7 8 10 11 | 11.2
Ice Magic      | 1 2 |  2.0
Polearms       | 1 2 5 6 9 11 12 13 14 15 | 15.9
Evocations     | 2 |  2.0
Dodging        | 3 5 6 7 8 9 |  9.7
Spellcasting   | 3 5 6 7 |  7.0
Conjurations   | 2 4 |  4.0
Air Magic      | 3 4 5 |  5.0
Armour         | 1 4 5 |  5.0
Invocations    | 1 4 6 8 10 12 | 12.8
Stealth        | 4 5 6 |  6.0
Fire Magic     | 1 4 |  4.0
Poison Magic   | 1 4 |  4.0
Transmutations | 3 |  3.6
Short Blades   | |  1.0

Action                   |  1- 3 |  4- 6 |  7- 9 | 10-12 | 13-15 | 16-18 || total
-------------------------+-------+-------+-------+-------+-------+-------++-------
Melee: Dagger            |   132 |   131 |    51 |       |       |       ||   314
       Punch             |     1 |       |       |       |       |       ||     1
       Spear             |       |    36 |       |       |       |       ||    36
       Halberd           |       |       |   340 |   790 |  1200 |   461 ||  2791
 Cast: Ensorcelled Hiber |    14 |    15 |    18 |    29 |    19 |     1 ||    96
       Tukima's Dance    |       |    14 |    16 |    11 |    61 |    37 ||   139
       Confusing Touch   |       |     2 |    12 |    50 |    15 |     6 ||    85
       Dazzling Flash    |       |       |       |     9 |     5 |       ||    14
       Swiftness         |       |       |       |     1 |     1 |     2 ||     4
       Mephitic Cloud    |       |       |       |       |    48 |    21 ||    69
       Ignite Poison     |       |       |       |       |    64 |    42 ||   106
Invok: Draw Destruction  |       |       |       |    11 |    15 |     4 ||    30
       Draw Summoning    |       |       |       |     4 |     8 |     1 ||    13
       Draw Escape       |       |       |       |     1 |     1 |       ||     2
       Deal Four         |       |       |       |       |     5 |       ||     5
       Triple Draw       |       |       |       |       |     2 |     1 ||     3
Evoke: Wand              |       |     4 |     2 |     3 |    11 |    11 ||    31
       Tin of tremorston |       |       |       |       |     4 |       ||     4
  Use: Scroll            |       |     7 |     8 |     5 |     9 |    14 ||    43
       Potion            |       |       |       |     4 |     3 |     3 ||    10
 Stab: Sleeping          |    22 |    17 |    13 |    17 |     8 |     8 ||    85
       Confused          |       |     5 |     8 |    52 |    26 |    13 ||   104
       Invisible         |       |       |       |     5 |     3 |       ||     8
       Distracted        |       |       |       |     1 |    11 |     9 ||    21
       Petrified         |       |       |       |       |       |     7 ||     7
       Petrifying        |       |       |       |       |       |     1 ||     1
Armor: Robe              |    36 |    63 |   131 |    14 |       |       ||   244
       Steam dragon scal |       |       |       |   106 |       |       ||   106
       Troll leather arm |       |       |       |    93 |    28 |       ||   121
       Skin              |       |       |       |    25 |       |     3 ||    28
       Animal skin       |       |       |       |       |   181 |    75 ||   256
Dodge: Dodged            |    74 |    92 |   213 |   404 |   621 |   188 ||  1592
Block: Buckler           |    13 |    50 |    13 |       |       |       ||    76

Levels and vault maps discovered:
D:1:      dpeg_arrival_central, layout_basic, chequers_ecumenical_altar_simple,
          serial_rivers, chequers_serial_rivers_large_b,
          chequers_serial_rivers_small_b, chequers_serial_rivers_marsh,
          chequers_serial_rivers_small_a
D:2:      layout_loops_cross, serial_park_tiny_1
D:3:      layout_rooms, mainiacjoe_overflow_chevrons, nrook_campfire
D:4:      layout_basic, nicolae_ru_awakened_eye, portal_sewer_entry_a,
          uniq_sigmund
D:5:      layout_gridville, uniq_blork_the_orc
D:6:      layout_rooms, minmay_pentangle, uniq_pikel
D:7:      layout_basic, cheibrodos_ashenzari_chains,
          gammafunk_temple_overflow_arena, minmay_temple_entry_stoned_glass,
          enter_ossuary_5
D:8:      kennysheep_spiral_hall, layout_rooms
D:9:      layout_loops_cross, doesnt_xom_only_xom,
          nicolae_overflow_two_pavilions, lair_entry_dummy
D:10:     layout_rooms, mainiacjoe_overflow_alcove_1,
          nicolae_gozag_seed_capital, okawaru_humans,
          minmay_orc_entry_temple_small, minmay_puff
D:11:     layout_cave_pods
D:12:     layout_loops_ring
D:13:     layout_loops_ring, david_vaults_5, serial_shops, shop, shop,
          nicolae_stop_n_shop_1, shop, uniq_frances, uniq_urug
D:14:     layout_loops_ring, minmay_misc_feat_doors,
          portal_ice_cave_entry_ice_simulacra, nicolae_trove_entry_free_sample,
          uniq_josephine, uniq_azrael, uniq_lodul, uniq_agnes
Temple:   nicolae_temple_no_exploring_needed
Lair:1:   layout_long_grid, special_room [special_room_bee], grunt_megastairs_1
Lair:2:   layout_chaotic_city, spider_nest_entry_webs, basic_altar,
          chequers_serial_rivers_marsh, grunt_megastairs_3
Lair:3:   nzn_winding_woodlands_large [nzn_winding_woodlands_5x5_default,
          nzn_winding_woodlands_5x15_jagged,
          nzn_winding_woodlands_5x5_open_star,
          nzn_winding_woodlands_center_diamonds,
          nzn_winding_woodlands_15x15_killbox,
          nzn_winding_woodlands_center_pierced_h,
          nzn_winding_woodlands_5x5_three, nzn_winding_woodlands_5x15_zeroes,
          nzn_winding_woodlands_5x5_closed_star], layout_cellular_growth,
          elwin_shoals_entry_stream, gauntlet_entry_generic,
          hellmonk_guarded_unrand_zhor
Lair:4:   layout_regular_city, dpeg_slime_entry_corner, beast_lair_carwin_1
Lair:5:   hellmonk_lair_end_abyssal_woods, layout_gridlike, uniq_rupert
Orc:1:    layout_caves
Orc:2:    hellmonk_orc_salted, layout_diamond_mine, uniq_snorg
IceCv:    ice_cave_caverns_03

Notes
Turn   | Place    | Note
-------+----------+-------------------------------------------
     0 | D:1      | browni3141 the Human Enchanter began the quest for the Orb.
     0 | D:1      | Reached XP level 1. HP: 13/13 MP: 3/3
   346 | D:1      | Reached skill level 1 in Fighting
   353 | D:1      | Reached XP level 2. HP: 11/21 MP: 5/5
   527 | D:1      | Learned a level 2 spell: Ensorcelled Hibernation
   539 | D:1      | Found a faded altar of an unknown god.
   999 | D:1      | Reached XP level 3. HP: 17/26 MP: 1/6
  1365 | D:1      | Reached skill level 4 in Hexes
  2032 | D:2      | Reached skill level 1 in Ice Magic
  2065 | D:2      | Learned a level 3 spell: Tukima's Dance
  2340 | D:2      | Noticed a scorpion
  2381 | D:2      | Reached XP level 4. HP: 25/32 MP: 2/7
  2832 | D:3      | Reached XP level 5. HP: 37/37 MP: 5/8
  2899 | D:3      | Reached skill level 5 in Hexes
  3110 | D:3      | Found a basalt altar of Yredelemnul.
  4038 | D:3      | Learned a level 3 spell: Confusing Touch
  4060 | D:4      | Reached skill level 1 in Polearms
  4060 | D:4      | Reached XP level 6. HP: 26/43 MP: 7/9
  4066 | D:3      | Identified a potion of resistance
  4343 | D:4      | Reached skill level 2 in Polearms
  4343 | D:4      | Reached skill level 6 in Hexes
  4440 | D:4      | Noticed an ogre
  4441 | D:4      | Found a glowing drain.
  4464 | Sewer    | Entered a sewer
  4558 | Sewer    | Reached skill level 2 in Ice Magic
  4558 | Sewer    | Reached XP level 7. HP: 36/48 MP: 3/10
  4567 | Sewer    | Reached skill level 3 in Polearms
  5445 | D:4      | Noticed Sigmund
  5450 | D:4      | Killed Sigmund
  5451 | D:4      | Reached skill level 4 in Polearms
  5575 | D:4      | Found a sacrificial altar of Ru.
  5736 | D:4      | Reached skill level 5 in Polearms
  6113 | D:5      | Entered Level 5 of the Dungeon
  6134 | D:5      | Reached XP level 8. HP: 44/54 MP: 9/11
  6203 | D:5      | Reached skill level 1 in Evocations
  6495 | D:5      | Reached skill level 6 in Polearms
  6495 | D:5      | Reached skill level 2 in Evocations
  6540 | D:5      | Reached skill level 2 in Fighting
  6932 | D:5      | Reached skill level 3 in Dodging
  7131 | D:5      | Identified the +0 dagger "Oto Sofuqup" {vorpal, Fly}
  7157 | D:5      | Noticed Blork the orc
  7169 | D:5      | Killed Blork the orc
  7170 | D:5      | Reached skill level 3 in Spellcasting
  7312 | D:5      | Reached XP level 9. HP: 62/62 MP: 13/13
  7423 | D:5      | Reached skill level 3 in Fighting
  7423 | D:5      | Reached skill level 7 in Polearms
  7914 | D:6      | Reached skill level 4 in Dodging
  8520 | D:6      | Reached skill level 8 in Polearms
  8601 | D:7      | Found a broken altar of Ashenzari.
  8645 | D:7      | Found a sand-covered staircase.
  8650 | Ossuary  | Entered an ossuary
  8750 | Ossuary  | Reached skill level 4 in Fighting
  8998 | Ossuary  | Noticed a silent spectre
  9118 | D:7      | Reached skill level 5 in Dodging
  9252 | D:7      | Reached skill level 9 in Polearms
  9259 | D:7      | Reached XP level 10. HP: 63/71 MP: 9/14
  9300 | D:7      | Found a staircase to the Ecumenical Temple.
  9312 | Temple   | Entered the Ecumenical Temple
  9319 | Temple   | Became a worshipper of Nemelex Xobeh the Trickster
  9401 | D:7      | Found a burning altar of Makhleb.
  9411 | D:7      | Found a transporter.
  9419 | D:7      | Found a transporter.
  9832 | D:8      | You fall into a shaft and drop 2 floors!
  9832 | D:10     | Entered Level 10 of the Dungeon
  9878 | D:9      | Learned a level 3 spell: Swiftness
  9887 | D:9      | Reached skill level 10 in Polearms
 10082 | D:9      | Reached * piety under Nemelex Xobeh
 10180 | D:9      | Learned a level 3 spell: Dazzling Flash
 10333 | D:9      | Found a staircase to the Lair.
 10376 | D:9      | Received a gift from Nemelex Xobeh
 10387 | D:9      | Reached skill level 1 in Conjurations
 10387 | D:9      | Reached skill level 1 in Air Magic
 10669 | D:9      | Reached skill level 11 in Polearms
 11020 | D:8      | Reached skill level 2 in Conjurations
 11020 | D:8      | Reached skill level 2 in Air Magic
 11462 | D:8      | Identified the +0 leather armour of Liberalism {Str+4}
 11486 | D:8      | Reached skill level 3 in Air Magic
 11659 | D:9      | Found a stormy altar of Qazlal.
 11662 | D:9      | Found an iron altar of Okawaru.
 11662 | D:9      | Found a snail-covered altar of Cheibriados.
 11688 | D:9      | Found a white marble altar of Elyvilon.
 11688 | D:9      | Found an ornate altar of the Wu Jian Council.
 11908 | D:10     | Reached skill level 1 in Armour
 11908 | D:10     | Reached skill level 1 in Invocations
 11964 | D:10     | Reached XP level 11. HP: 55/77 MP: 10/15
 11986 | D:10     | Reached skill level 2 in Invocations
 12128 | D:10     | Reached skill level 2 in Armour
 12180 | D:10     | Found a staircase to the Orcish Mines.
 12316 | D:10     | Found an opulent altar of Gozag.
 12395 | D:10     | Reached skill level 4 in Air Magic
 12431 | D:10     | Identified the +6 quarterstaff of the Throat {venom, rElec
                  | rPois rC+}
 12445 | D:10     | Reached skill level 3 in Invocations
 12527 | D:10     | Reached ** piety under Nemelex Xobeh
 12614 | D:10     | Found a shimmering blue altar of Sif Muna.
 12624 | D:10     | Found an iron altar of Okawaru.
 12647 | D:10     | Reached skill level 3 in Armour
 12647 | D:10     | Reached skill level 4 in Stealth
 13054 | D:10     | Reached skill level 4 in Invocations
 13061 | D:10     | Learned a level 1 spell: Slow
 13139 | D:10     | Reached skill level 12 in Polearms
 13467 | D:11     | Reached skill level 4 in Armour
 13524 | D:11     | Received a gift from Nemelex Xobeh
 13598 | D:11     | Noticed a green ugly thing
 13814 | D:11     | Reached skill level 5 in Fighting
 13879 | D:11     | Noticed a boulder beetle
 13901 | D:11     | Killed a boulder beetle
 13954 | D:11     | Received a gift from Nemelex Xobeh
 14221 | D:11     | Killed a green ugly thing
 14222 | D:11     | Reached skill level 6 in Dodging
 14222 | D:11     | Reached XP level 12. HP: 67/86 MP: 16/16
 14231 | D:11     | Reached skill level 5 in Invocations
 14501 | D:12     | Reached skill level 5 in Stealth
 14638 | Lair:1   | Entered Level 1 of the Lair of Beasts
 14653 | Lair:1   | Reached skill level 5 in Armour
 14882 | Lair:1   | Reached *** piety under Nemelex Xobeh
 14950 | Lair:1   | Reached skill level 6 in Invocations
 15235 | Lair:1   | Received a gift from Nemelex Xobeh
 15449 | Lair:1   | Reached skill level 5 in Air Magic
 15872 | Lair:2   | Noticed a catoblepas
 15904 | Lair:2   | Found a shimmering altar of Xom.
 15981 | Lair:2   | Received a gift from Nemelex Xobeh
 15997 | Lair:2   | Found a hole to the Spider Nest.
 16028 | Lair:2   | Noticed a six-headed hydra
 16032 | Lair:2   | Killed a six-headed hydra
 16033 | Lair:2   | Reached skill level 6 in Fighting
 16033 | Lair:2   | Reached skill level 7 in Hexes
 16033 | Lair:2   | Reached XP level 13. HP: 93/93 MP: 18/18
 16079 | Lair:2   | Killed a catoblepas
 16080 | Lair:2   | Reached skill level 6 in Stealth
 16080 | Lair:2   | Reached skill level 7 in Invocations
 16094 | Lair:2   | Reached **** piety under Nemelex Xobeh
 16246 | Lair:2   | Received a gift from Nemelex Xobeh
 16279 | Lair:2   | Reached skill level 13 in Polearms
 16279 | Lair:2   | Reached skill level 4 in Spellcasting
 16490 | Lair:2   | Received a gift from Nemelex Xobeh
 16714 | Lair:2   | Learned a level 3 spell: Mephitic Cloud
 16795 | Lair:3   | Reached skill level 7 in Dodging
 16836 | Lair:3   | Found the +4 skin of Zhor {*Englaciate rC+++ SInv}
 16954 | Lair:3   | Found a gate leading to a gauntlet.
 16970 | Gauntlet | Entered a Gauntlet
 16970 | Gauntlet | Found a transporter.
 16970 | Gauntlet | Found a transporter.
 16979 | Gauntlet | Found a transporter.
 16979 | Gauntlet | Found a transporter.
 16988 | Gauntlet | Found a transporter.
 17013 | Gauntlet | Found a transporter.
 17016 | Gauntlet | Found a transporter.
 17018 | Gauntlet | Found a transporter.
 17018 | Gauntlet | Found a transporter.
 17022 | Gauntlet | Found a transporter.
 17056 | Gauntlet | Found a transporter.
 17092 | Gauntlet | Reached ***** piety under Nemelex Xobeh
 17107 | Gauntlet | Found a transporter.
 17122 | Gauntlet | Found a transporter.
 17209 | Gauntlet | Found a transporter.
 17223 | Gauntlet | Found a transporter.
 17239 | Gauntlet | Found a transporter.
 17390 | Gauntlet | Reached skill level 5 in Spellcasting
 17402 | Gauntlet | Reached skill level 8 in Hexes
 17402 | Gauntlet | Reached skill level 8 in Invocations
 17572 | Gauntlet | Identified the ring "Qyngeg" {Fly Will++ Int+2}
 17598 | Gauntlet | Received a gift from Nemelex Xobeh
 17604 | Gauntlet | Noticed a minotaur
 17612 | Gauntlet | Killed a minotaur
 17619 | Gauntlet | Identified the +4 spear of the Elven Halls {vorpal, Contam
                  | Fly Int-4 Dex+5}
 17656 | Lair:3   | Learned a level 3 spell: Ignite Poison
 17730 | Lair:3   | Noticed a six-headed hydra
 17736 | Lair:3   | Killed a six-headed hydra
 17737 | Lair:3   | Reached skill level 1 in Fire Magic
 17737 | Lair:3   | Reached skill level 1 in Poison Magic
 17756 | Lair:3   | Identified the -1 hand axe of Eternal Vigilance {vorpal,
                  | rN+}
 17761 | Lair:3   | Noticed a four-headed hydra
 17765 | Lair:3   | Reached XP level 14. HP: 57/101 MP: 5/21
 17782 | Lair:3   | Reached skill level 3 in Conjurations
 17789 | Lair:3   | Reached skill level 7 in Fighting
 17789 | Lair:3   | Reached skill level 2 in Fire Magic
 17789 | Lair:3   | Reached skill level 2 in Poison Magic
 18090 | Lair:3   | Reached skill level 9 in Invocations
 18443 | Lair:3   | Reached skill level 3 in Fire Magic
 18443 | Lair:3   | Reached skill level 3 in Poison Magic
 18564 | Lair:3   | Reached skill level 4 in Conjurations
 18634 | Lair:3   | Found a staircase to the Shoals.
 19574 | Lair:4   | Received a gift from Nemelex Xobeh
 19639 | Lair:4   | Reached skill level 14 in Polearms
 20025 | Lair:4   | Found a staircase to the Slime Pits.
 20071 | Lair:4   | Reached skill level 8 in Dodging
 20071 | Lair:4   | Reached skill level 4 in Poison Magic
 20401 | Lair:5   | Entered Level 5 of the Lair of Beasts
 20401 | Lair:5   | Noticed Rupert
 20411 | Lair:5   | Killed Rupert
 20412 | Lair:5   | Reached skill level 4 in Fire Magic
 20639 | Lair:5   | Reached skill level 10 in Invocations
 20893 | Lair:5   | Received a gift from Nemelex Xobeh
 20992 | Lair:5   | Reached XP level 15. HP: 44/110 MP: 1/22
 21149 | Lair:5   | Reached skill level 8 in Fighting
 21770 | Lair:5   | Reached skill level 11 in Invocations
 21794 | Lair:5   | Got Sif Muna's Secrets of Pestilence
 22297 | Lair:5   | Reached skill level 15 in Polearms
 22461 | Lair:5   | Reached skill level 9 in Dodging
 22580 | Lair:5   | Found a corrupted altar of Lugonu.
 22580 | Lair:5   | Found a one-way gate to the infinite horrors of the Abyss.
 22878 | Orc:1    | Entered Level 1 of the Orcish Mines
 23380 | Orc:1    | Received a gift from Nemelex Xobeh
 23465 | Orc:2    | Entered Level 2 of the Orcish Mines
 23909 | Orc:2    | Found a staircase to the Elven Halls.
 24049 | Orc:2    | Noticed Snorg
 24058 | Orc:2    | Killed Snorg
 25891 | Orc:2    | Received a gift from Nemelex Xobeh
 25897 | Orc:2    | Found Umoeng's Magic Scroll Boutique.
 25917 | Orc:2    | Found Eteluoqo's Assorted Antiques.
 25925 | Orc:2    | Reached skill level 12 in Invocations
 25945 | Orc:2    | Found Idwynilo's Jewellery Shoppe.
 25955 | Orc:2    | Bought a scroll labelled ARRENNUARE for 39 gold pieces
 25955 | Orc:2    | Bought a red potion for 35 gold pieces
 25969 | Orc:2    | Found Itiutruca's Jewellery Shoppe.
 25981 | Orc:2    | Reached XP level 16. HP: 83/119 MP: 10/25
 26093 | Orc:2    | Bought a ring of poison resistance for 220 gold pieces
 26093 | Orc:2    | Bought a ring of resist corrosion for 220 gold pieces
 26127 | Orc:2    | Bought a scroll of identify for 22 gold pieces
 26127 | Orc:2    | Bought a scroll of identify for 22 gold pieces
 26127 | Orc:2    | Bought a scroll of identify for 22 gold pieces
 26130 | Orc:2    | Bought a scroll of summoning for 104 gold pieces
 26130 | Orc:2    | Bought a scroll of poison for 44 gold pieces
 26130 | Orc:2    | Bought a scroll of teleportation for 33 gold pieces
 26130 | Orc:2    | Bought a scroll of fear for 44 gold pieces
 26130 | Orc:2    | Bought a scroll of brand weapon for 104 gold pieces
 26130 | Orc:2    | Bought a scroll of torment for 104 gold pieces
 26340 | D:12     | Reached skill level 6 in Spellcasting
 26571 | D:12     | Reached skill level 10 in Hexes
 26571 | D:12     | Reached XP level 17. HP: 124/124 MP: 26/26
 26578 | D:12     | Learned a level 5 spell: Yara's Violent Unravelling
 26738 | D:12     | Identified the +3 halberd of Absolution {vamp, rElec Will++
                  | Int-3 Stlth+}
 26893 | D:12     | Reached skill level 9 in Fighting
 27139 | D:13     | Noticed Frances
 27139 | D:13     | Found Dinluk's Weapon Shoppe.
 27139 | D:13     | Received a gift from Nemelex Xobeh
 27148 | D:13     | Killed Frances
 27149 | D:13     | Reached skill level 1 in Transmutations
 27231 | D:13     | Found Ymetam's Weapon Shoppe.
 27268 | D:13     | Found Vene's Armour Shoppe.
 27391 | D:13     | Noticed Urug
 27403 | D:13     | Killed Urug
 27541 | D:13     | Reached skill level 2 in Transmutations
 27709 | D:13     | Found Caintum's Antique Armour Boutique.
 27714 | D:13     | Bought a pitted cloak for 380 gold pieces
 27714 | D:13     | Identified the +2 cloak "Weenaeqe" {Rampage rPois} (You
                  | bought it in a shop on level 13 of the Dungeon)
 27772 | D:13     | Found a gate to the Vaults.
 29328 | D:13     | Found Caintum's Antique Armour Boutique.
 29336 | D:13     | Found Vene's Armour Shoppe.
 29395 | D:13     | Found Dinluk's Weapon Shoppe.
 29442 | D:13     | Found Ymetam's Weapon Shoppe.
 29812 | D:13     | Found a gate to the Vaults.
 29956 | D:14     | Reached skill level 11 in Hexes
 30071 | D:14     | Noticed Agnes
 30086 | D:14     | Noticed Agnes
 30086 | D:14     | Agnes changed into Agnes the torpor snail
 30089 | D:14     | Killed Agnes the torpor snail
 30168 | D:14     | Found a frozen archway.
 30320 | D:14     | Reached skill level 3 in Transmutations
 30434 | IceCv    | Entered an ice cave
 30957 | IceCv    | Noticed an Ice Fiend
 31023 | IceCv    | Reached skill level 7 in Spellcasting
 31628 | IceCv    | Demolished by an Ice Fiend

Vanquished Creatures
  Frances (D:13)
  Snorg (Orc:2)
  An ettin (Orc:2)
  A vault guard (D:13)
  5 hydras
  3 boulder beetles
  4 catoblepae
  A death knight (D:14)
  3 centaur warriors
  6 death yaks
  2 two-headed ogres (Orc:2)
  A tengu warrior (D:13)
  Urug (D:13)
  A thrashing horror (Lair:5)
  An orc high priest (Orc:2)
  3 skeletal warriors
  A spectral death yak (Gauntlet)
  A large abomination (Lair:5)
  A goliath frog (Lair:3)
  2 lindwurms
  6 spriggan simulacra (IceCv)
  11 orc knights
  An obsidian statue (IceCv)
  A deep elf pyromancer (D:14)
  An orc sorcerer (Orc:1)
  4 ugly things
  2 cyclopes (D:12)
  3 elephants (Lair:5)
  7 black mambas
  3 merfolk sirens (Lair:3)
  3 torpor snails
  4 gargoyles
  17 cane toads
  A smoke demon (Lair:5)
  8 rime drakes
  2 freezing wraiths (IceCv)
  9 komodo dragons
  2 unseen horrors
  An efreet (D:14)
  4 ice devils (IceCv)
  2 kobold demonologists (D:10)
  An ancient zyme (Lair:5)
  2 merfolk (Lair:3)
  15 trolls
  A wandering mushroom (Lair:3)
  A wind drake (Lair:3)
  A polar bear (shapeshifter) (Lair:5)
  8 slime creatures
  4 saltlings (Orc:2)
  A polar bear (Lair:1)
  14 blink frogs
  8 dream sheep
  2 ynoxinuls (Lair:5)
  2 shadows
  A spriggan (Lair:5)
  7 wyverns
  5 wraiths
  A golden eye (Lair:3)
  A fire elemental (D:14)
  2 humans (D:10)
  3 chaos spawn
  7 steam dragons
  5 basilisks (Lair:5)
  2 redbacks (Lair:2)
  37 yaks
  A neqoxec (Gauntlet)
  3 harpy simulacra (IceCv)
  4 vampire mosquitoes
  16 minotaur simulacra
  4 wargs
  2 acid dragons
  11 water moccasins
  2 sky beasts
  A hell hound (D:14)
  15 orc warriors
  3 ice beasts
  2 black bears (Lair:3)
  An alligator simulacrum (IceCv)
  A boggart (D:10)
  An ettin simulacrum (IceCv)
  4 ogres
  9 centaurs
  5 wolves
  A phantom (D:5)
  2 lemures (D:5)
  Blork the orc (D:5)
  6 kobold brigands
  10 small abominations (Lair:5)
  5 scorpions
  13 bullfrogs
  5 deep troll simulacra (IceCv)
  2 water moccasin zombies (Ossuary)
  A necrophage (D:4)
  20 killer bees
  2 lindwurm simulacra (IceCv)
  2 electric eels (D:9)
  4 howler monkeys
  4 hounds
  2 jellies (D:8)
  A gnoll bouda (D:8)
  3 centaur zombies (Ossuary)
  18 orc priests
  4 iguanas
  15 orc wizards
  3 hell rats (Lair:5)
  2 ogre zombies (Ossuary)
  8 adders
  2 gnolls
  3 river rats (Sewer)
  2 shadow imps
  2 adder zombies (Ossuary)
  3 worms
  2 dart slugs
  52 orcs
  11 bats
  13 endoplasms
  2 giant cockroaches
  3 hobgoblins
  9 jackals
  A quokka (D:4)
  10 ball pythons
  6 frilled lizards
  4 gnoll zombies (Ossuary)
  3 goblins
  3 goblin zombies (Ossuary)
  4 hobgoblin zombies (Ossuary)
  9 kobolds
  2 orc zombies (Ossuary)
  13 rats
  A pillar of salt (Orc:2)
642 creatures vanquished.

Vanquished Creatures (collateral kills)
  Rupert (Lair:5)
  A minotaur (Gauntlet)
  A death scarab (Gauntlet)
  A thrashing horror (Lair:5)
  3 skeletal warriors
  An orange crystal statue (Gauntlet)
  An orc knight (Orc:2)
  A cyclops (Orc:2)
  2 torpor snails
  2 cane toads (Lair:5)
  2 komodo dragons
  An ancient zyme (Lair:5)
  A queen bee (Lair:1)
  5 blink frogs (Lair:5)
  A dream sheep (Lair:5)
  Sigmund (D:4)
  A ynoxinul (Lair:5)
  9 yaks
  A large abomination (Lair:5)
  A water moccasin (Lair:3)
  4 orc warriors
  An ice beast (Lair:3)
  2 ogres
  A bullfrog (Lair:1)
  A wight (Ossuary)
  17 killer bees (Lair:1)
  A small abomination (Lair:5)
  3 orc priests
  A hell rat (Lair:5)
  A gnoll (D:3)
  13 orcs
  A kobold (Sewer)
83 creatures vanquished.

Vanquished Creatures (others)
  3 anaconda simulacra
  A dire elephant simulacrum (D:14)
  15 dancing weapons
  3 minotaur simulacra (D:14)
  A deep troll simulacrum (D:14)
  2 demonic plants (Gauntlet)
  39 fungi
  6 pillars of salt (Orc:2)
  49 plants
  21 withered plants (Gauntlet)
140 creatures vanquished.

Grand Total: 865 creatures vanquished

Table legend: (Time is in decaauts)
 A = Elapsed time spent in this place.
 B = Non-inter-level travel time spent in this place.
 C = Inter-level travel time spent in this place.
 D = Time resting spent in this place.
 E = Time spent auto-exploring this place.
 F = Levels seen in this place.
 G = Mean time per level.
                   A        B        C        D        E       F      G
               +--------+--------+--------+--------+--------+-----+--------+
         Total |  31462 |  30289 |   1173 |   3621 |  18300 |  26 | 1210.1 |
       Dungeon |  17720 |  17107 |    613 |   2563 |  10219 |  14 | 1265.7 |
        Temple |     14 |      8 |      6 |      0 |      0 |   1 |   14.0 |
          Lair |   7396 |   7110 |    286 |    487 |   4710 |   5 | 1479.2 |
  Orcish Mines |   2983 |   2716 |    267 |    134 |   1815 |   2 | 1491.5 |
         Sewer |   1110 |   1110 |      0 |     60 |    792 |   1 | 1110.0 |
       Ossuary |    442 |    442 |      0 |      0 |    197 |   1 |  442.0 |
      Ice Cave |   1134 |   1134 |      0 |    368 |    294 |   1 | 1134.0 |
      Gauntlet |    659 |    659 |      0 |      8 |    272 |   1 |  659.0 |
               +--------+--------+--------+--------+--------+-----+--------+

Top non-repeatable levels by time:
  Lair:5: 2289 daAuts
   Orc:2: 2179 daAuts
    D:13: 2112 daAuts
  Lair:3: 1873 daAuts
     D:1: 1821 daAuts
    D:10: 1789 daAuts
    D:12: 1581 daAuts
     D:9: 1517 daAuts
     D:4: 1312 daAuts
  Lair:1: 1305 daAuts
     D:3: 1239 daAuts
    D:11: 1163 daAuts
     D:2: 1145 daAuts
   IceCv: 1134 daAuts
     D:5: 1132 daAuts

Table legend:
 A = Non-vault XP
 B = Vault XP
 C = Vault XP percentage of total XP
 D = Non-vault monster count
 E = Vault monster count
 F = Vault count percentage of total count
                 A         B        C        D         E       F
            +---------+---------+-------+---------+---------+-------
      Total |   78131 |   67242 |  46.3 |     454 |     268 |  37.1
            +---------+---------+-------+---------+---------+-------
        D:1 |      42 |       0 |   0.0 |      27 |       0 |   0.0
        D:2 |      72 |       0 |   0.0 |      21 |       0 |   0.0
        D:3 |     138 |       0 |   0.0 |      27 |       0 |   0.0
        D:4 |     471 |     221 |  31.9 |      16 |       7 |  30.4
        D:5 |     982 |     100 |   9.2 |      15 |       1 |   6.2
        D:6 |     582 |       0 |   0.0 |       8 |       0 |   0.0
        D:7 |     789 |       0 |   0.0 |      13 |       0 |   0.0
        D:8 |    1014 |     130 |  11.4 |      13 |       3 |  18.8
        D:9 |    2094 |       0 |   0.0 |      23 |       0 |   0.0
       D:10 |    5476 |    1396 |  20.3 |      42 |      16 |  27.6
       D:11 |    4476 |       0 |   0.0 |      16 |       0 |   0.0
       D:12 |    7222 |       0 |   0.0 |      17 |       0 |   0.0
       D:13 |    7939 |    3802 |  32.4 |      17 |       4 |  19.0
       D:14 |    5568 |     940 |  14.4 |      16 |       4 |  20.0
     Lair:1 |    5785 |    2588 |  30.9 |      26 |      27 |  50.9
     Lair:2 |    5586 |     359 |   6.0 |      19 |       2 |   9.5
     Lair:3 |    4096 |   16088 |  79.7 |      13 |      42 |  76.4
     Lair:4 |    3231 |    2410 |  42.7 |       9 |       8 |  47.1
     Lair:5 |   15527 |   12369 |  44.3 |      44 |      41 |  48.2
      Orc:1 |    3708 |       0 |   0.0 |      33 |       0 |   0.0
      Orc:2 |    3333 |   12049 |  78.3 |      39 |      27 |  40.9
      Sewer |       0 |     192 | 100.0 |       0 |      17 | 100.0
    Ossuary |       0 |     448 | 100.0 |       0 |      23 | 100.0
      IceCv |       0 |   10544 | 100.0 |       0 |      40 | 100.0
   Gauntlet |       0 |    3606 | 100.0 |       0 |       6 | 100.0
            +---------+---------+-------+---------+---------+-------
